cohdb
Replays
Latest Replays
All Replays
Popular Replays
Top Player Replays
Match Explorer
How It Works
Community
CoH3 Stats
Reddit
Sign in to upload your games and track your stats! →
Sign in with Steam
Match 44807142
Unlisted
Match 44807142
Overview
Messages
Build Orders
End
Construct Barracks
Riflemen Squad
Riflemen Squad
1⁄4-ton 4x4 Truck
Engineer Squad
Riflemen Squad
Mechanized Support Center
Construct Medical Station
M1 Mortar Team
Construct Motor Pool
Selects Special Operations Battlegroup
Selects Special Operations Battlegroup
Selects Smoke Screen
Selects SSF Commando Squad
Smoke Screen
M8 Greyhound Armored Car
SSF Commando Squad
Designate Forward Repair Station
M1 Anti-tank Gun Team
M1918 Browning Automatic Rifles
Smoke Screen
M1 Anti-tank Gun Team
Selects M29 Weasel Recon Vehicle
Selects Mark Vehicle
Smoke Screen
M24 Chaffee Light Tank
Rapid Repairs
Selects M4A1 Sherman Whizbang
Smoke Screen
M4A1 Sherman Whizbang
Mark Vehicle
Smoke Screen
M24 Chaffee Light Tank
Mark Vehicle
M1 Anti-tank Gun Team
StephennJF
咚咚锵个腿
0
0
Comments
sign in to comment!
No comments posted yet!